 Dungeon Crawl Stone Soup version 0.27-a0-1081-ge8a0a9c698 (webtiles) character file.

Game seed: 3380820951861626674

21 shoop the Shooter (level 3, 27/27 HPs)
             Began as a Human Hunter on Apr 25, 2021.
             Got out of the dungeon alive.
             The game lasted 00:01:34 (1150 turns).

shoop the Shooter (Human Hunter)                    Turns: 1150, Time: 00:01:35

Health: 27/27      AC:  3    Str: 13    XL:     3   Next: 5%
Magic:  3/3        EV: 11    Int: 11    God:
Gold:   23         SH:  0    Dex: 13    Spells: 2/2 levels left

rFire    . . .     SeeInvis .   b - +0 short sword
rCold    . . .     Faith    .   (no shield)
rNeg     . . .     Spirit   .   c - +0 leather armour
rPois    .         Reflect  .   (no helmet)
rElec    .         Harm     .   (no cloak)
rCorr    .         Rampage  .   (no gloves)
Will     .....                  (no boots)
Stlth    +.........             (no amulet)
HPRegen  0.09/turn              (no ring)
MPRegen  0.08/turn              (no ring)

@: no status effects
A: no striking features
a: no special abilities


You escaped.
You visited 1 branch of the dungeon, and saw 2 of its levels.

You collected 23 gold pieces.

Inventory:

Hand Weapons
 a - a +1 shortbow
 b - a +0 short sword (weapon)
Missiles
 d - 17 arrows
Armour
 c - a +0 leather armour (worn)
Scrolls
 e - a scroll of noise {unknown}
Potions
 f - 2 potions of brilliance {unknown}


   Skills:
 + Level 2.2 Fighting
 + Level 4.7 Bows
 - Level 2.0 Dodging
 - Level 1.0 Stealth


You had 2 spell levels left.
You didn't know any spells.
Your spell library was empty.

Dungeon Overview and Level Annotations

Branches:
Dungeon (2/15)

Altars:


Message History

You closely miss the bat. The bat barely misses you.
The bat hits you but does no damage. The bat hits you.
You miss the bat. The bat hits you.
You hit the bat.
You kill the bat!
You barely miss the quokka. The quokka barely misses you.
You barely miss the quokka. The quokka barely misses you.
The quokka bites you but does no damage.
You barely miss the quokka. The quokka bites you.
You closely miss the quokka. The quokka bites you.
You are too injured to fight recklessly!
You are too injured to fight recklessly!
You miss the quokka. The quokka closely misses you.
You barely miss the quokka. The quokka barely misses you. x2
You miss the quokka. The quokka bites you.
* * * LOW HITPOINT WARNING * * *
You closely miss the quokka. The quokka completely misses you.
The quokka bites you.
* * * LOW HITPOINT WARNING * * *
You hit the quokka.
The quokka is severely wounded.
The quokka barely misses you.
You hit the quokka.
You kill the quokka!
You have reached level 3!
Your experience leads to an increase in your attributes!
Increase (S)trength, (I)ntelligence, or (D)exterity?
You feel stronger.
Unknown command.
Unknown command.
You closely miss the goblin. The goblin hits you with a +0 club.
* * * LOW HITPOINT WARNING * * *
You hit the goblin.
You kill the goblin!
Items here: )) รทรทรท.
There is a staircase leading out of the dungeon here.
Are you sure you want to leave the Dungeon?
This will make you lose the game!
Alright, then stay!
Are you sure you want to leave the Dungeon?
This will make you lose the game!
You have escaped!

....###########...#######.......#
...# #.......................#
... ..#####.#####.###.......# ##
#.# #.# #.......# #.# #.#
#.......# #.# #.# #....#.##
################..###.##
..........# ##.........
###.###@#.####.......#.#
###...##....##....
###.####..##.#.# #...# #..#.....
###.######..#..#.#
#.....##..........
#.###.####.###.#.#
#...#.............
###.####...#####..


There were no monsters in sight!

Vanquished Creatures
  A dart slug (D:1)
  2 endoplasms (D:1)
  A goblin (D:1)
  2 hobgoblins (D:1)
  4 jackals (D:1)
  3 quokkas (D:1)
  A ball python (D:1)
  A bat (D:1)
  A kobold (D:1)
16 creatures vanquished.

Notes
Turn   | Place    | Note
-------+----------+-------------------------------------------
     0 | D:1      | shoop the Human Hunter began the quest for the Orb.
     0 | D:1      | Reached XP level 1. HP: 16/16 MP: 1/1
    26 | D:1      | You fall into a shaft and drop 1 floor!
   222 | D:1      | Reached XP level 2. HP: 9/22 MP: 2/2
   832 | D:1      | Reached XP level 3. HP: 5/27 MP: 3/3
  1150 | D:$      | Got out of the dungeon alive.

Illustrated notes

Levels and vault maps discovered:
D:1:      elethiomel_arrival_maze, layout_loops_ring,
          ebering_ecumenical_altar_hall, serial_glass, glass_columns_c,
          glass_columns_c
D:2:      layout_basic

Action                   || total
-------------------------++-------
Melee: Short sword       ||    46
 Fire: Shortbow          ||    16
Armor: Leather armour    ||    14
Dodge: Dodged            ||    43

Table legend: (Time is in decaauts)
 A = Elapsed time spent in this place.
 B = Non-inter-level travel time spent in this place.
 C = Inter-level travel time spent in this place.
 D = Time resting spent in this place.
 E = Time spent auto-exploring this place.
 F = Levels seen in this place.
 G = Mean time per level.
                   A        B        C        D        E       F      G
               +--------+--------+--------+--------+--------+-----+--------+
         Total |   1153 |   1106 |     47 |      0 |    956 |   2 |  576.5 |
       Dungeon |   1153 |   1106 |     47 |      0 |    956 |   2 |  576.5 |
               +--------+--------+--------+--------+--------+-----+--------+

Top non-repeatable levels by time:
     D:1: 1137 daAuts
     D:2: 16 daAuts
